 Dungeon Crawl Stone Soup version 0.30.0-29-ga12c61a403 (webtiles) character file.

Game seed: 9559655800075356587

71558 qw the Severer (level 15, -16/96 HPs)
             Began as a Gargoyle Fighter on June 5, 2023.
             Was an Elder of Okawaru.
             Killed from afar by a deep elf knight (32 damage)
             ... with a lance of force
             ... on level 14 of the Dungeon.
             The game lasted 00:11:03 (21316 turns).

qw the Severer (Gargoyle Fighter)                  Turns: 21316, Time: 00:11:04

Health: -16/96     AC: 36    Str: 32    XL:     15   Next: 37%
Magic:  22/22      EV: 11    Int:  5    God:    Okawaru [****..]
Gold:   1808       SH: 12    Dex: 15    Spells: 14/14 levels left

rFire   . . .        Y - +0 broad axe (protect)
rCold   . . .        l - +0 kite shield
rNeg    + . .        a - +11 chain mail "Hygavo" {Rampage +Blink Will++ Int-5}
rPois   inf          (helmet restricted)
rElec   +            q - +2 cloak
rCorr   .            (no gloves)
SInv    .            (no boots)
Will    +++..        v - amulet of faith Stlth
                     o - +6 ring of strength
HPRegen 0.36/turn    y - +6 ring of dexterity
MPRegen 0.18/turn

%: rampage, faith
@: flying
A: sickness immunity, AC +11, big wings, negative energy resistance 1,
electricity resistance, torment resistance 1, petrification resistance, antennae
1
a: Renounce Religion, Evoke Blink, Heroism, Finesse


You were on level 14 of the Dungeon.
You worshipped Okawaru.
Okawaru was greatly pleased with you.
You visited 3 branches of the dungeon, and saw 20 of its levels.

You collected 1808 gold pieces.


Innate Abilities, Weirdness & Mutations

You are immune to sickness and miasma.
Your stone body is resilient. (AC +11)
You are immune to poison.
Your large and strong wings let you fly.
You resist negative energy. (rN+)
You are resistant to electric shocks. (rElec)
You are resistant to unholy torment.
You are immune to petrification.
You have a pair of small antennae on your head.


   Skills:
 - Level 12.0 Fighting
 - Level 16.0 Axes
 - Level 5.2 Throwing
 - Level 8.1 Armour
 - Level 5.0 Dodging
 + Level 12.8 Shields
 - Level 10.0 Invocations


You had 14 spell levels left.
You didn't know any spells.
Your spell library was empty.

Inventory:

Hand Weapons
 r - a +2 hand axe of flaming
 Y - a +0 broad axe of protection (weapon)
Missiles
 j - 10 boomerangs
 u - 3 javelins (quivered)
Armour
 a - the +11 chain mail "Hygavo" (worn) {Rampage +Blink Will++ Int-5}
   (You acquired it on level 1 of the Dungeon)

   Int:       It affects your intelligence (-5).
   +Blink:    It lets you blink.
   Rampage:   It bestows one free step when moving towards enemies.
   Will:      It greatly increases your willpower.
 l - a +0 kite shield (worn)
 q - a +2 cloak (worn)
Jewellery
 e - an amulet of guardian spirit
 o - a +6 ring of strength (left hand)
 s - an amulet of the acrobat
 v - an amulet of faith (around neck)
 x - a ring of ice
 y - a +6 ring of dexterity (right hand)
Wands
 f - a wand of digging (15)
Scrolls
 h - 3 scrolls of teleportation
 i - 9 scrolls of identify
Potions
 b - 5 potions of lignification
 c - 3 potions of resistance
 d - 4 potions of might
 g - 6 potions of haste
 k - 3 potions of attraction
 m - 2 potions of heal wounds
 n - a potion of magic
 p - 4 potions of curing
 t - 3 potions of cancellation
 w - 4 potions of mutation

Dungeon Overview and Level Annotations

Branches:
Dungeon (14/15)            Temple (1/1) D:7            Lair (5/5) D:10
  Swamp (0/4) Lair:3        Snake (0/4) Lair:2        Slime (0/5) Lair:4
    Orc (0/2) D:9          Vaults (0/5) D:13

Altars:
Ashenzari
Cheibriados
Dithmenos
Elyvilon
Fedhas
Gozag
Hepliaklqana
Kikubaaqudgha
Makhleb
Nemelex Xobeh
Okawaru
Qazlal
Ru
Sif Muna
Trog
Uskayaw
Vehumet
Wu Jian
Xom
Yredelemnul
Zin
The Shining One
Jiyva

Shops:
D:2 (   D:8 :   D:9 [   D:13 (

Portals:
Trove: D:12 (give 4 scrolls of fog)

Annotations:
D:7 1 runed translucent door, Crazy Yiuf
Lair:5 1 runed translucent door, qw's ghost, journeyman GrFi


Message History

The basilisk is heavily wounded.
You barely miss something. Something hits you but does no damage.
The basilisk gazes at you. You resist with almost no effort.
You slice the basilisk!!
You kill the basilisk!
Okawaru accepts your kill.
You miss something. You block something's attack.
You hear some strange, mumbled words.
A shard of ice appears from out of thin air!
The shard of ice hits you!
You closely miss something. Something hits you but does no damage.
You closely miss something.
You hear some strange, mumbled words.
A lance of force appears from out of thin air!
The lance of force hits you.
You are knocked back by the lance of force.
You swing at nothing.
You swing at nothing.
You swing at nothing.
You miss something. Something hits you. Something hits you!
You miss something. Something hits you!
You completely miss something. Something hits you but does no damage.
You completely miss something.
You hear some strange, mumbled words.
A lance of force appears from out of thin air!
The lance of force hits you!
You are knocked back by the lance of force.
You slam into the rock wall!
You completely miss something.
You hear some strange, mumbled words.
A lance of force appears from out of thin air!
The lance of force hits you!!
You die...

#.................###.....###
#....................#...#...
#####))..................#...#...
....)))..................#...#...
.#####................###.....###
.# #...............#...........
.#####...............#...........
............#+####...#...........
.######.....#...@#........###^)..
## { ##....#..{.'.......#...#...
#{ #....#....#.......#...#... #
#.........##......#...#... #
+.##%(##...#.......###.... #
#8.%8##..#..#........... ##
#8....8#..#..#........... .#
#$....}#..#..#........... .#
#=....$#..#...###.....###


There were no monsters in sight!

Vanquished Creatures
  Azrael (D:13)
  Erolcha (D:13)
  6 hydras
  3 vault guards (D:13)
  A catoblepas (Lair:1)
  4 two-headed ogres
  7 centaur warriors
  3 boulder beetles
  Lodul (D:13)
  A lindwurm (Lair:5)
  2 wizards (D:13)
  19 ugly things
  3 necromancers
  A cyclops (D:14)
  3 manticores
  7 elephants
  Maurice (D:13)
  6 black mambas
  2 gargoyles
  12 cane toads
  3 rime drakes
  2 efreet
  7 komodo dragons
  4 trolls
  A polar bear (Lair:5)
  5 blink frogs (Lair:2)
  7 hornets
  Sigmund (D:3)
  14 spriggans (Lair:5)
  3 shadows
  9 slime creatures
  A vampire (D:9)
  4 wraiths
  5 wyverns
  3 fire elementals (D:13)
  41 yaks
  18 humans (D:13)
  3 basilisks
  4 steam dragons
  2 vampire mosquitoes (D:14)
  Menkaure (D:7)
  2 acid dragons
  27 water moccasins
  2 hell hounds (D:13)
  5 orc warriors
  Duvessa (D:7)
  2 sky beasts (D:8)
  7 black bears
  7 boggarts
  33 wolves
  12 centaurs
  11 ogres
  Blork the orc (D:6)
  2 kobold brigands
  9 bullfrogs
  5 scorpions
  10 wights
  Dowan (D:7)
  A howler monkey (D:6)
  An electric eel (Lair:4)
  A hound (D:6)
  6 jellies
  17 orc priests
  7 iguanas
  13 orc wizards
  A sleepcap (D:5)
  4 yak simulacra (Lair:3)
  3 polar bear simulacra (Lair:3)
  A wolf simulacrum (Lair:3)
  6 gnolls (D:3)
  12 adders
  4 ufetubi
  3 worms
  6 dart slugs
  61 orcs
  8 ball pythons
  2 bats
  6 endoplasms
  3 giant cockroaches
  6 goblins
  8 hobgoblins
  6 jackals
  28 kobolds
  5 quokkas
  3 frilled lizards
  7 rats
  3 river rat simulacra (Lair:3)
591 creatures vanquished.

Notes
Turn   | Place    | Note
-------+----------+-------------------------------------------
     0 | D:1      | qw the Gargoyle Fighter began the quest for the Orb.
     0 | D:1      | Reached XP level 1. HP: 14/14 MP: 1/1
     0 | D:1      | 0 ||| qw: Version: 0.2-a-108-gee2c290
     0 | D:1      | 0 ||| qw: Game counter: 1350
     0 | D:1      | 0 ||| qw: Always use a shield: true
     0 | D:1      | 0 ||| qw: God list: Okawaru
     0 | D:1      | 0 ||| qw: Allow faded altars: false
     0 | D:1      | 0 ||| qw: Do Orc after D:15 true
     0 | D:1      | 0 ||| qw: Do second Lair branch before Depths: true
     0 | D:1      | 0 ||| qw: Lair rune preference: random
     0 | D:1      | 0 ||| qw: Plans: Normal, Zot:1-4, Slime:5, God:TSO, Crypt,
                  | Tomb, Abyss, Pan, Hells, Win
     0 | D:1      | 0 ||| PLANNING D:1-11
    10 | D:1      | Noticed a bullfrog
   126 | D:1      | Reached skill level 2 in Axes
   151 | D:1      | Reached XP level 2. HP: 19/19 MP: 2/2
   170 | D:1      | 170 ||| Stepping ~*~*~tactically~*~*~ (stealth).
   171 | D:1      | 171 ||| Stepping ~*~*~tactically~*~*~ (stealth).
   302 | D:1      | Found a faded altar of an unknown god.
   676 | D:1      | Reached skill level 3 in Axes
   803 | D:1      | 803 ||| READING scroll labelled LUDANK BAUSO.
   804 | D:1      | 804 ||| READING scroll labelled ICSAWI FEFEAH.
   805 | D:1      | 805 ||| READING scroll labelled EMOETI UMOBB.
   805 | D:1      | Identified a scroll of acquirement
   805 | D:1      | 805 ||| ACQUIRING +11 chain mail "Hygavo" {Rampage +Blink
                  | Will++ Int-5}
   805 | D:1      | Acquired the +11 chain mail "Hygavo" {Rampage +Blink Will++
                  | Int-5}
   807 | D:1      | 807 ||| UPGRADING to +11 chain mail "Hygavo" {Rampage
                  | +Blink Will++ Int-5}.
   817 | D:1      | 817 ||| DROPPING +0 scale mail.
   818 | D:1      | 818 ||| READING scroll labelled FUOFOP ILEESK.
   819 | D:1      | 819 ||| READING scroll labelled TEMOEZ DYGAI.
   871 | D:2      | Reached XP level 3. HP: 23/23 MP: 3/3
   886 | D:2      | 886 ||| Stepping ~*~*~tactically~*~*~ (stealth).
   930 | D:2      | 930 ||| Stepping ~*~*~tactically~*~*~ (hiding).
  1039 | D:2      | 1039 ||| DROPPING +0 club.
  1096 | D:2      | Found Efemab's Antique Weapon Boutique.
  1372 | D:2      | Reached XP level 4. HP: 27/28 MP: 4/4
  1393 | D:2      | 1393 ||| READING scroll of enchant weapon.
  1393 | D:2      | 1393 ||| ENCHANTING +1 war axe.
  1398 | D:2      | Reached skill level 4 in Axes
  1621 | D:2      | 1621 ||| READING scroll labelled PETOIR PYANAS.
  1683 | D:3      | 1683 ||| Stepping ~*~*~tactically~*~*~ (hiding).
  1733 | D:3      | Reached XP level 5. HP: 32/32 MP: 5/5
  1865 | D:3      | Reached skill level 5 in Axes
  1880 | D:3      | 1880 ||| READING scroll of enchant weapon.
  1880 | D:3      | 1880 ||| ENCHANTING +2 war axe.
  1923 | D:3      | Noticed Sigmund
  1935 | D:3      | Killed Sigmund
  1936 | D:3      | Reached XP level 6. HP: 31/40 MP: 6/6
  2320 | D:3      | 2320 ||| Stepping ~*~*~tactically~*~*~ (stealth).
  2599 | D:3      | 2599 ||| UPGRADING to +0 kite shield.
  2609 | D:3      | 2609 ||| DROPPING +0 buckler.
  2610 | D:3      | 2610 ||| READING scroll labelled FOXERUXIMA.
  2611 | D:3      | 2611 ||| READING scroll labelled TESHRE YM MESAE.
  2712 | D:3      | 2712 ||| DRINKING 2 lumpy cyan potions.
  2775 | D:4      | 2775 ||| Stepping ~*~*~tactically~*~*~ (stealth).
  2777 | D:4      | 2777 ||| Stepping ~*~*~tactically~*~*~ (stealth).
  2784 | D:4      | Reached XP level 7. HP: 41/44 MP: 7/7
  2994 | D:4      | 2994 ||| SWAPPING to +0 broad axe.
  3027 | D:4      | 3027 ||| DROPPING +3 war axe.
  3093 | D:4      | 3093 ||| Stepping ~*~*~tactically~*~*~ (stealth).
  3144 | D:4      | Reached skill level 6 in Axes
  3351 | D:4      | Reached skill level 6 in Shields
  3351 | D:4      | Reached XP level 8. HP: 49/49 MP: 8/8
  3385 | D:4      | 3385 ||| READING scroll labelled ZUAJ OBLOENIA.
  3386 | D:4      | 3386 ||| DRINKING 3 pink potions.
  3387 | D:4      | 3387 ||| READING 3 scrolls of identify.
  3387 | D:4      | 3387 ||| IDENTIFYING metallic purple potion
  3388 | D:4      | 3388 ||| READING 2 scrolls of identify.
  3388 | D:4      | 3388 ||| IDENTIFYING viscous brown potion
  3389 | D:4      | 3389 ||| DROPPING potion of flight.
  3409 | D:5      | Entered Level 5 of the Dungeon
  3423 | D:5      | Reached skill level 1 in Dodging
  3435 | D:5      | 3435 ||| Stepping ~*~*~tactically~*~*~ (stealth).
  3437 | D:5      | 3437 ||| Stepping ~*~*~tactically~*~*~ (hiding).
  3795 | D:5      | 3795 ||| Stepping ~*~*~tactically~*~*~ (stealth).
  3796 | D:5      | 3796 ||| Stepping ~*~*~tactically~*~*~ (stealth).
  3966 | D:5      | 3966 ||| Stepping ~*~*~tactically~*~*~ (hiding).
  4396 | D:5      | 4396 ||| UPGRADING to +0 cloak.
  4401 | D:5      | 4401 ||| UPGRADING to +6 ring of strength.
  4402 | D:5      | 4402 ||| DRINKING 3 lumpy emerald potions.
  4449 | D:6      | Reached skill level 7 in Axes
  4765 | D:6      | Noticed Blork the orc
  4780 | D:6      | Killed Blork the orc
  4877 | D:6      | You fall into a shaft and drop 2 floors!
  4896 | D:8      | 4896 ||| Stepping ~*~*~tactically~*~*~ (cloud).
  4899 | D:8      | 4899 ||| Stepping ~*~*~tactically~*~*~ (stealth).
  5087 | D:8      | 5087 ||| Stepping ~*~*~tactically~*~*~ (stealth).
  5089 | D:8      | Reached XP level 9. HP: 54/54 MP: 9/9
  5192 | D:8      | Found a sparkling altar of Nemelex Xobeh.
  5207 | D:8      | 5207 ||| Stepping ~*~*~tactically~*~*~ (hiding).
  5220 | D:8      | Reached skill level 8 in Axes
  5329 | D:8      | 5329 ||| UPGRADING to amulet of the acrobat.
  5334 | D:8      | 5334 ||| READING scroll labelled QEK GIUWELIOWN.
  5335 | D:8      | 5335 ||| READING scroll labelled JOTRIE ACAON.
  5336 | D:8      | 5336 ||| DRINKING 2 white potions.
  5337 | D:8      | 5337 ||| DRINKING 2 puce potions.
  5338 | D:8      | 5338 ||| READING 2 scrolls of identify.
  5338 | D:8      | 5338 ||| IDENTIFYING fuming ruby potion
  5339 | D:8      | 5339 ||| DROPPING potion of invisibility.
  5342 | D:8      | Found Caytzaej's Book Boutique.
  5356 | D:7      | Reached skill level 6 in Fighting
  5761 | D:6      | 5761 ||| Stepping ~*~*~tactically~*~*~ (stealth).
  5927 | D:6      | 5927 ||| READING 2 scrolls of identify.
  5927 | D:6      | 5927 ||| IDENTIFYING viscous golden potion
  5982 | D:7      | Found a staircase to the Ecumenical Temple.
  5983 | D:7      | 5983 ||| PLANNING TEMPLE
  5992 | Temple   | Entered the Ecumenical Temple
  5993 | Temple   | 5993 ||| PLANNING OKAWARU WORSHIP
  6146 | Temple   | Became a worshipper of Warmaster Okawaru
  6146 | Temple   | 6146 ||| PLANNING D:1-11
  6232 | D:7      | 6232 ||| Stepping ~*~*~tactically~*~*~ (stealth).
  6266 | D:7      | Found a snail-covered altar of Cheibriados.
  6307 | D:7      | 6307 ||| Stepping ~*~*~tactically~*~*~ (hiding).
  6344 | D:7      | Noticed Dowan
  6345 | D:7      | 6345 ||| Stepping ~*~*~tactically~*~*~ (hiding).
  6350 | D:7      | 6350 ||| Stepping ~*~*~tactically~*~*~ (hiding).
  6359 | D:7      | Killed Dowan
  6360 | D:7      | Reached skill level 9 in Axes
  6388 | D:7      | Found a runed translucent door.
  6388 | D:7      | Found the +10 morningstar "Eos" {elec, Halo rElec}
  6389 | D:7      | Noticed Crazy Yiuf
  6403 | D:7      | Noticed Duvessa
  6404 | D:7      | 6404 ||| Stepping ~*~*~tactically~*~*~ (stealth).
  6418 | D:7      | Killed Duvessa
  6496 | D:7      | Found a burning altar of Makhleb.
  6564 | D:7      | Noticed Menkaure
  6565 | D:7      | 6565 ||| Stepping ~*~*~tactically~*~*~ (hiding).
  6567 | D:7      | 6567 ||| Stepping ~*~*~tactically~*~*~ (hiding).
  6574 | D:7      | Killed Menkaure
  6711 | D:7      | 6711 ||| UPGRADING to +6 ring of intelligence.
  6712 | D:7      | 6712 ||| READING scroll labelled INOIVUTEDA.
  6850 | D:8      | 6850 ||| Stepping ~*~*~tactically~*~*~ (cloud).
  6851 | D:8      | 6851 ||| FLEEEEING.
  6852 | D:8      | 6852 ||| FLEEEEING.
  6855 | D:8      | 6855 ||| FLEEEEING.
  6856 | D:8      | 6856 ||| FLEEEEING.
  6862 | D:8      | 6862 ||| FLEEEEING.
  6863 | D:8      | 6863 ||| FLEEEEING.
  6864 | D:8      | 6864 ||| FLEEEEING.
  6870 | D:8      | 6870 ||| STAIRDANCE
  6951 | D:7      | 6951 ||| READING scroll labelled TENWOSKICEYS.
  6978 | D:8      | 6978 ||| Stepping ~*~*~tactically~*~*~ (cloud).
  6983 | D:8      | Reached * piety under Okawaru
  6984 | D:8      | Reached XP level 10. HP: 53/63 MP: 10/10
  7035 | D:8      | 7035 ||| Stepping ~*~*~tactically~*~*~ (stealth).
  7113 | D:8      | 7113 ||| Stepping ~*~*~tactically~*~*~ (stealth).
  7119 | D:8      | Reached skill level 1 in Invocations
  7147 | D:8      | 7147 ||| DROPPING +0 morningstar.
  7148 | D:8      | Found a radiant altar of Vehumet.
  7296 | D:8      | 7296 ||| Stepping ~*~*~tactically~*~*~ (stealth).
  7607 | D:8      | 7607 ||| READING 2 scrolls of identify.
  7607 | D:8      | 7607 ||| IDENTIFYING orange potion
  7642 | D:9      | 7642 ||| INVOKING Heroism.
  7686 | D:9      | Reached skill level 3 in Invocations
  7726 | D:9      | 7726 ||| READING scroll of enchant armour.
  7726 | D:9      | 7726 ||| ENCHANTING +0 cloak.
  7809 | D:9      | Reached ** piety under Okawaru
  7810 | D:9      | Reached skill level 9 in Shields
  7812 | D:9      | 7812 ||| INVOKING Heroism.
  7836 | D:9      | 7836 ||| INVOKING Heroism.
  7959 | D:9      | 7959 ||| Stepping ~*~*~tactically~*~*~ (hiding).
  7964 | D:9      | 7964 ||| INVOKING Heroism.
  8132 | D:9      | Found Miampinu's Armour Boutique.
  8141 | D:9      | 8141 ||| SHOPLISTING +1 plate armour of the Stars {Regen+
                  | rCorr Str-5 Slay+3} (597 gold, have 404).
  8269 | D:9      | 8269 ||| Stepping ~*~*~tactically~*~*~ (stealth).
  8271 | D:9      | 8271 ||| Stepping ~*~*~tactically~*~*~ (stealth).
  8276 | D:9      | 8276 ||| Stepping ~*~*~tactically~*~*~ (stealth).
  8278 | D:9      | 8278 ||| Stepping ~*~*~tactically~*~*~ (stealth).
  8285 | D:9      | 8285 ||| Stepping ~*~*~tactically~*~*~ (stealth).
  8287 | D:9      | 8287 ||| Stepping ~*~*~tactically~*~*~ (stealth).
  8288 | D:9      | 8288 ||| Stepping ~*~*~tactically~*~*~ (stealth).
  8289 | D:9      | 8289 ||| Stepping ~*~*~tactically~*~*~ (stealth).
  8303 | D:9      | 8303 ||| Stepping ~*~*~tactically~*~*~ (hiding).
  8304 | D:9      | 8304 ||| Stepping ~*~*~tactically~*~*~ (hiding).
  8333 | D:9      | Found a staircase to the Orcish Mines.
  8434 | D:9      | Reached skill level 10 in Axes
  8496 | D:9      | 8496 ||| FLEEEEING.
  8497 | D:9      | 8497 ||| FLEEEEING.
  8498 | D:9      | 8498 ||| FLEEEEING.
  8499 | D:9      | 8499 ||| FLEEEEING.
  8500 | D:9      | 8500 ||| STAIRDANCE
  8535 | D:8      | 8535 ||| DRINKING 2 blue potions.
  8535 | D:8      | Gained mutation: You have a pair of small antennae on your
                  | head. [potion of mutation]
  8536 | D:8      | 8536 ||| READING 2 scrolls of identify.
  8536 | D:8      | 8536 ||| IDENTIFYING fuming yellow potion
  8537 | D:8      | 8537 ||| DROPPING potion of ambrosia.
  8542 | D:9      | 8542 ||| STAIRDANCE
  8544 | D:8      | 8544 ||| INVOKING Heroism.
  8643 | D:9      | 8643 ||| STAIRDANCE
  8690 | D:9      | 8690 ||| DROPPING +5 morningstar.
  8701 | D:9      | 8701 ||| Stepping ~*~*~tactically~*~*~ (hiding).
  8702 | D:9      | 8702 ||| Stepping ~*~*~tactically~*~*~ (hiding).
  8707 | D:9      | 8707 ||| INVOKING Heroism.
  8753 | D:9      | 8753 ||| DROPPING +0 hand axe of flaming.
  8857 | D:9      | 8857 ||| Stepping ~*~*~tactically~*~*~ (hiding).
  9050 | D:9      | Found a white marble altar of Elyvilon.
  9404 | D:10     | Entered Level 10 of the Dungeon
  9405 | D:10     | 9405 ||| INVOKING Heroism.
  9421 | D:10     | 9421 ||| STAIRDANCE
  9492 | D:10     | Reached XP level 11. HP: 68/68 MP: 14/14
  9538 | D:10     | 9538 ||| Stepping ~*~*~tactically~*~*~ (stealth).
  9545 | D:10     | Found a staircase to the Lair.
  9594 | D:10     | Reached *** piety under Okawaru
  9644 | D:10     | Found a glowing silver altar of Zin.
  9695 | D:10     | Reached skill level 11 in Axes
  9721 | D:10     | 9721 ||| Stepping ~*~*~tactically~*~*~ (hiding).
  9913 | D:10     | 9913 ||| INVOKING Heroism.
 10071 | D:10     | Found an opulent altar of Gozag.
 10071 | D:10     | Found a shimmering blue altar of Sif Muna.
 10085 | D:10     | 10085 ||| INVOKING Heroism.
 10308 | D:10     | 10308 ||| PLANNING LAIR
 10322 | Lair:1   | Entered Level 1 of the Lair of Beasts
 10328 | Lair:1   | 10328 ||| INVOKING Heroism.
 10355 | Lair:1   | Noticed a catoblepas
 10356 | Lair:1   | 10356 ||| INVOKING Heroism.
 10374 | Lair:1   | Killed a catoblepas
 10375 | Lair:1   | Reached skill level 9 in Fighting
 10428 | Lair:1   | 10428 ||| INVOKING Heroism.
 10453 | Lair:1   | Reached **** piety under Okawaru
 10705 | Lair:1   | 10705 ||| INVOKING Heroism.
 10996 | Lair:1   | 10996 ||| INVOKING Heroism.
 11272 | Lair:1   | You fall into a shaft and drop 1 floor!
 11281 | Lair:2   | 11281 ||| INVOKING Heroism.
 11286 | Lair:2   | Reached skill level 12 in Axes
 11304 | Lair:2   | 11304 ||| Stepping ~*~*~tactically~*~*~ (stealth).
 11610 | Lair:2   | Found a staircase to the Snake Pit.
 11611 | Lair:2   | 11611 ||| Stepping ~*~*~tactically~*~*~ (stealth).
 11613 | Lair:2   | 11613 ||| INVOKING Heroism.
 11624 | Lair:2   | Reached XP level 12. HP: 68/76 MP: 13/15
 11624 | Lair:2   | 11624 ||| REMOVING +6 ring of intelligence.
 11634 | Lair:2   | Reached skill level 6 in Armour
 11658 | Lair:2   | Noticed a five-headed hydra
 11659 | Lair:2   | 11659 ||| INVOKING Heroism.
 11665 | Lair:2   | 11665 ||| SWAPPING to +2 hand axe of flaming.
 11673 | Lair:2   | Reached skill level 6 in Invocations
 11673 | Lair:2   | Killed a one-headed hydra
 11674 | Lair:2   | 11674 ||| SWAPPING to +0 broad axe.
 11999 | Lair:2   | 11999 ||| Stepping ~*~*~tactically~*~*~ (stealth).
 12000 | Lair:2   | 12000 ||| Stepping ~*~*~tactically~*~*~ (stealth).
 12001 | Lair:2   | 12001 ||| INVOKING Heroism.
 12020 | Lair:2   | 12020 ||| Stepping ~*~*~tactically~*~*~ (stealth).
 12048 | Lair:2   | 12048 ||| INVOKING Heroism.
 12102 | Lair:2   | 12102 ||| INVOKING Heroism.
 12691 | Lair:2   | 12691 ||| DROPPING +6 ring of intelligence.
 12692 | Lair:2   | 12692 ||| READING 5 scrolls of identify.
 12692 | Lair:2   | 12692 ||| IDENTIFYING red potion
 12693 | Lair:2   | 12693 ||| DROPPING potion of brilliance.
 12716 | Lair:3   | 12716 ||| INVOKING Heroism.
 12742 | Lair:3   | 12742 ||| STAIRDANCE
 12758 | Lair:2   | Reached ***** piety under Okawaru
 12818 | Lair:3   | 12818 ||| Stepping ~*~*~tactically~*~*~ (stealth).
 12865 | Lair:3   | 12865 ||| INVOKING Heroism.
 12870 | Lair:3   | Received a gift from Okawaru
 12871 | Lair:3   | Reached skill level 9 in Invocations
 13165 | Lair:3   | Found a staircase to the Swamp.
 13256 | Lair:3   | 13256 ||| Stepping ~*~*~tactically~*~*~ (stealth).
 13272 | Lair:3   | Reached XP level 13. HP: 71/82 MP: 20/20
 13530 | Lair:3   | Reached skill level 3 in Throwing
 13574 | Lair:3   | 13574 ||| INVOKING Heroism.
 13807 | Lair:3   | 13807 ||| UPGRADING to +6 ring of dexterity.
 13808 | Lair:3   | 13808 ||| READING scroll labelled YMASYZA ISKOYZ.
 13809 | Lair:3   | 13809 ||| READING 5 scrolls of identify.
 13809 | Lair:3   | 13809 ||| IDENTIFYING sedimented pink potion
 13810 | Lair:3   | 13810 ||| DROPPING potion of berserk rage.
 13881 | Lair:4   | Found a viscous altar of Jiyva.
 13885 | Lair:4   | Found a staircase to the Slime Pits.
 13889 | Lair:4   | 13889 ||| Stepping ~*~*~tactically~*~*~ (stealth).
 13915 | Lair:4   | 13915 ||| INVOKING Heroism.
 13916 | Lair:4   | 13916 ||| INVOKING Finesse.
 13924 | Lair:4   | 13924 ||| SWAPPING to +2 hand axe of flaming.
 13931 | Lair:4   | Reached skill level 3 in Dodging
 13931 | Lair:4   | 13931 ||| SWAPPING to +0 broad axe.
 14271 | Lair:4   | 14271 ||| READING scroll of enchant armour.
 14271 | Lair:4   | 14271 ||| ENCHANTING +1 cloak.
 14308 | Lair:4   | Received a gift from Okawaru
 14524 | Lair:4   | 14524 ||| READING scroll labelled ZAISSO XOPY.
 14544 | Lair:5   | Entered Level 5 of the Lair of Beasts
 14545 | Lair:5   | 14545 ||| PLANNING GAUNTLET
 14553 | Lair:5   | 14553 ||| Stepping ~*~*~tactically~*~*~ (hiding).
 14670 | Lair:5   | 14670 ||| Stepping ~*~*~tactically~*~*~ (stealth).
 14672 | Lair:5   | 14672 ||| INVOKING Heroism.
 14691 | Lair:5   | 14691 ||| INVOKING Finesse.
 14739 | Lair:5   | Reached skill level 13 in Axes
 14793 | Lair:5   | 14793 ||| INVOKING Heroism.
 14843 | Lair:5   | 14843 ||| INVOKING Heroism.
 14875 | Lair:5   | 14875 ||| Stepping ~*~*~tactically~*~*~ (stealth).
 14876 | Lair:5   | 14876 ||| Stepping ~*~*~tactically~*~*~ (stealth).
 14878 | Lair:5   | 14878 ||| INVOKING Heroism.
 14907 | Lair:5   | 14907 ||| Stepping ~*~*~tactically~*~*~ (stealth).
 14910 | Lair:5   | 14910 ||| Stepping ~*~*~tactically~*~*~ (stealth).
 14922 | Lair:5   | 14922 ||| INVOKING Heroism.
 15031 | Lair:5   | 15031 ||| Stepping ~*~*~tactically~*~*~ (stealth).
 15032 | Lair:5   | 15032 ||| RIP GAUNTLET
 15033 | Lair:5   | 15033 ||| PLANNING LAIR
 15053 | Lair:5   | Identified the +1 mace of the Kidney {holy, rPois Str+3}
 15155 | Lair:5   | Found a runed translucent door.
 15156 | Lair:5   | 15156 ||| INVOKING Heroism.
 15161 | Lair:5   | 15161 ||| SWAPPING to +2 hand axe of flaming.
 15166 | Lair:5   | 15166 ||| SWAPPING to +0 broad axe.
 15191 | Lair:5   | 15191 ||| INVOKING Heroism.
 15192 | Lair:5   | 15192 ||| SWAPPING to +2 hand axe of flaming.
 15203 | Lair:5   | 15203 ||| SWAPPING to +0 broad axe.
 15238 | Lair:5   | 15238 ||| SWAPPING to +2 hand axe of flaming.
 15240 | Lair:5   | 15240 ||| SWAPPING to +0 broad axe.
 15296 | Lair:5   | Noticed qw's ghost (journeyman GrFi)
 15466 | Lair:5   | 15466 ||| FLEEEEING.
 15467 | Lair:5   | 15467 ||| FLEEEEING.
 15513 | Lair:5   | 15513 ||| Stepping ~*~*~tactically~*~*~ (stealth).
 15514 | Lair:5   | 15514 ||| INVOKING Heroism.
 15598 | Lair:5   | Reached skill level 14 in Axes
 15800 | Lair:5   | Gained mutation: Your large and strong wings let you fly.
                  | [Gargoyle growth]
 15800 | Lair:5   | Reached XP level 14. HP: 88/88 MP: 21/21
 15876 | Lair:5   | 15876 ||| INVOKING Heroism.
 15879 | Lair:5   | 15879 ||| SWAPPING to +2 hand axe of flaming.
 15884 | Lair:5   | 15884 ||| SWAPPING to +0 broad axe.
 16092 | Lair:5   | 16092 ||| PLANNING D:1-11
 16092 | Lair:5   | 16092 ||| UPGRADING to amulet of faith.
 16214 | D:11     | 16214 ||| STAIRDANCE
 16447 | D:11     | Identified the +1 falchion of Impermanence {freeze, rC+
                  | rCorr}
 16472 | D:11     | Received a gift from Okawaru
 16927 | D:11     | 16927 ||| PLANNING D
 16927 | D:11     | 16927 ||| READING scroll labelled ZIVUBRU RUYN.
 17154 | D:12     | 17154 ||| Stepping ~*~*~tactically~*~*~ (stealth).
 17155 | D:12     | 17155 ||| Stepping ~*~*~tactically~*~*~ (stealth).
 17156 | D:12     | 17156 ||| INVOKING Heroism.
 17157 | D:12     | 17157 ||| INVOKING Finesse.
 17246 | D:12     | 17246 ||| Stepping ~*~*~tactically~*~*~ (stealth).
 17258 | D:12     | Received a gift from Okawaru
 17259 | D:12     | Reached skill level 12 in Shields
 17857 | D:12     | Found a portal to a secret trove of treasure.
 17937 | D:12     | 17937 ||| READING scroll labelled XIRYSCH ETUFF.
 17981 | D:13     | 17981 ||| INVOKING Heroism.
 18115 | D:13     | 18115 ||| Stepping ~*~*~tactically~*~*~ (hiding).
 18116 | D:13     | 18116 ||| Stepping ~*~*~tactically~*~*~ (hiding).
 18140 | D:13     | Noticed Maurice
 18158 | D:13     | Killed Maurice
 18165 | D:13     | Noticed Erolcha
 18166 | D:13     | 18166 ||| Stepping ~*~*~tactically~*~*~ (stealth).
 18168 | D:13     | Noticed Azrael
 18169 | D:13     | 18169 ||| INVOKING Heroism.
 18172 | D:13     | Killed Erolcha
 18180 | D:13     | HP: 14/90 [hell hound/blast of flame[Azrael] (17)]
 18181 | D:13     | 18181 ||| READING 3 scrolls of teleportation.
 18182 | D:13     | 18182 ||| DRINKING 3 potions of heal wounds.
 18197 | D:13     | Killed Azrael
 18672 | D:13     | 18672 ||| Stepping ~*~*~tactically~*~*~ (stealth).
 18677 | D:13     | 18677 ||| INVOKING Heroism.
 18872 | D:13     | 18872 ||| INVOKING Heroism.
 18882 | D:13     | Reached skill level 15 in Axes
 19002 | D:13     | 19002 ||| Stepping ~*~*~tactically~*~*~ (hiding).
 19050 | D:13     | 19050 ||| Stepping ~*~*~tactically~*~*~ (stealth).
 19051 | D:13     | Noticed Lodul
 19052 | D:13     | 19052 ||| Stepping ~*~*~tactically~*~*~ (stealth).
 19054 | D:13     | 19054 ||| Stepping ~*~*~tactically~*~*~ (hiding).
 19078 | D:13     | 19078 ||| INVOKING Heroism.
 19079 | D:13     | Killed Lodul
 19210 | D:13     | 19210 ||| INVOKING Heroism.
 19321 | D:13     | 19321 ||| INVOKING Heroism.
 19458 | D:13     | Received a gift from Okawaru
 19524 | D:13     | Found a gate to the Vaults.
 19529 | D:13     | Reached skill level 12 in Fighting
 19533 | D:13     | 19533 ||| INVOKING Heroism.
 19539 | D:13     | Received a gift from Okawaru
 19791 | D:13     | Found Weyrin's Weapon Boutique.
 19958 | D:13     | 19958 ||| DROPPING ring of willpower.
 19959 | D:13     | 19959 ||| DROPPING ring of positive energy.
 20023 | D:14     | 20023 ||| Stepping ~*~*~tactically~*~*~ (hiding).
 20052 | D:14     | 20052 ||| INVOKING Heroism.
 20161 | D:14     | 20161 ||| INVOKING Heroism.
 20166 | D:14     | Reached XP level 15. HP: 96/96 MP: 19/22
 20174 | D:14     | Received a gift from Okawaru
 20191 | D:14     | Reached skill level 16 in Axes
 20442 | D:14     | 20442 ||| Stepping ~*~*~tactically~*~*~ (hiding).
 20443 | D:14     | 20443 ||| Stepping ~*~*~tactically~*~*~ (hiding).
 20457 | D:14     | 20457 ||| FLEEEEING.
 20554 | D:14     | 20554 ||| Stepping ~*~*~tactically~*~*~ (stealth).
 20559 | D:14     | 20559 ||| Stepping ~*~*~tactically~*~*~ (stealth).
 20561 | D:14     | 20561 ||| Stepping ~*~*~tactically~*~*~ (stealth).
 20569 | D:14     | 20569 ||| INVOKING Heroism.
 20578 | D:14     | 20578 ||| INVOKING Finesse.
 20579 | D:14     | HP: 18/96 [boulder beetle (16)]
 20580 | D:14     | 20580 ||| READING 4 scrolls of teleportation.
 20581 | D:14     | 20581 ||| DRINKING 3 potions of heal wounds.
 20762 | D:14     | 20762 ||| INVOKING Heroism.
 20863 | D:14     | 20863 ||| Stepping ~*~*~tactically~*~*~ (stealth).
 20864 | D:14     | 20864 ||| Stepping ~*~*~tactically~*~*~ (stealth).
 20967 | D:14     | Received a gift from Okawaru
 20990 | D:14     | 20990 ||| INVOKING Heroism.
 20992 | D:14     | 20992 ||| INVOKING Finesse.
 21135 | D:14     | Found a white marble altar of Elyvilon.
 21185 | D:14     | 21185 ||| Stepping ~*~*~tactically~*~*~ (hiding).
 21189 | D:14     | 21189 ||| Stepping ~*~*~tactically~*~*~ (hiding).
 21291 | D:14     | Received a gift from Okawaru
 21315 | D:14     | HP: 16/96 [something/lance of force (16)]
 21316 | D:14     | Killed from afar by a deep elf knight

Levels and vault maps discovered:
D:1:      evilmike_arrival_come_back, layout_loops_ring,
          hellmonk_ecumenical_altar_leap_of_faith
D:2:      layout_basic, serial_shops, shop
D:3:      layout_basic, chequers_arboretum, minmay_box_of_dots, uniq_sigmund
D:4:      layout_cave_pools, corexii_leaking_fountain
D:5:      layout_loops_corners
D:6:      layout_loops_ring, uniq_blork_the_orc
D:7:      layout_rooms, cheibriados_altar_1, mainiacjoe_overflow_alcove_2,
          minmay_temple_entry_ruins, uniq_crazy_yiuf_cottage, uniq_menkaure,
          uniq_duvessa
D:8:      kennysheep_kobold_camp, layout_basic, nemelex_spade_bored_becter,
          mainiacjoe_overflow_alcove_1, serial_shops, shop
D:9:      layout_basic, lemuel_doored_altar, erik_orc_3, serial_shops,
          nicolae_shop_peninsula
D:10:     layout_roguey, mainiacjoe_overflow_surrounded_room,
          nicolae_overflow_two_pavilions, due_lair_maze_entry_diamond
D:11:     layout_roguey
D:12:     layout_loops_ring, nicolae_trove_entry_diagonal
D:13:     layout_stronghold, grunt_vaults_entry_tiered, serial_shops, shop,
          uniq_lodul, uniq_maurice, uniq_erolcha, uniq_azrael
D:14:     nicolae_hitomezashi [nicolae_hito_row, nicolae_hito_row,
          nicolae_hito_row, nicolae_hito_row, nicolae_hito_row,
          nicolae_hito_row, nicolae_hito_row, nicolae_hito_row,
          nicolae_hito_row, nicolae_hito_row, nicolae_hito_row,
          nicolae_hito_row, nicolae_hito_row, nicolae_hito_row,
          nicolae_hito_row, nicolae_hito_row, nicolae_hito_row,
          nicolae_hito_row], layout_irregular_city, lemuel_crystal_altar,
          minmay_hollow_rounded_squares
Temple:   eino_narrow_crystal_temple
Lair:1:   layout_cave_pods, lemuel_fruit_tree
Lair:2:   layout_roguey, minmay_snake_entry_six_corridors, grunt_megastairs_2
Lair:3:   layout_misc_corridors, swamp_mist_pool, eino_house_with_fridge
Lair:4:   layout_long_grid, slime_entry_1, fungi_pond_lemuel
Lair:5:   minmay_lair_end_enchanted_forest, layout_cellular_growth,
          ebering_ghost_reflecting_pool, gauntlet_entry_generic,
          grunt_megastairs_4

Skill      XL: |  1  2  3  4  5  6  7  8  9 10 11 12 13 14 15 |
---------------+----------------------------------------------+-----
Axes           | 2 3 4 5 6 7 9 10 12 14 15 16 | 16.0
Fighting       | 5 7 8 9 10 12 | 12.0
Shields        | 6 7 8 9 10 11 12 | 12.8
Dodging        | 1 2 4 5 |  5.0
Throwing       | 2 5 |  5.2
Armour         | 4 5 6 7 8 |  8.1
Invocations    | 4 5 9 10 | 10.0

Action                     |  1- 3 |  4- 6 |  7- 9 | 10-12 | 13-15 || total
---------------------------+-------+-------+-------+-------+-------++-------
  Melee: War axe           |   102 |   149 |     8 |       |       ||   259
         Broad axe         |       |       |   307 |   590 |   941 ||  1838
         Hand axe          |       |       |       |     8 |    25 ||    33
  Throw: Boomerang         |       |     9 |    64 |    82 |    80 ||   235
         Javelin           |       |       |     6 |    26 |    42 ||    74
 Invoke: Heroism           |       |       |       |    22 |    25 ||    47
         Finesse           |       |       |       |       |     5 ||     5
    Use: Scroll            |     5 |     5 |     9 |     4 |     8 ||    31
         Potion            |       |     1 |     4 |     1 |     2 ||     8
 Armour: Scale mail        |    15 |       |       |       |       ||    15
         Chain mail        |    38 |    94 |   207 |   294 |   518 ||  1151
  Dodge: Dodged            |    30 |    55 |   128 |   201 |   290 ||   704
  Block: Buckler           |    16 |    19 |       |       |       ||    35
         Kite shield       |       |     5 |   152 |   307 |   575 ||  1039

Table legend:
 A = Non-vault XP
 B = Vault XP
 C = Vault XP percentage of total XP
 D = Non-vault monster count
 E = Vault monster count
 F = Vault count percentage of total count
                 A         B        C        D         E       F
            +---------+---------+-------+---------+---------+-------
      Total |   69609 |   32618 |  31.9 |     417 |     174 |  29.4
            +---------+---------+-------+---------+---------+-------
        D:1 |      31 |       0 |   0.0 |      17 |       0 |   0.0
        D:2 |     110 |       0 |   0.0 |      29 |       0 |   0.0
        D:3 |     218 |     253 |  53.7 |      31 |       3 |   8.8
        D:4 |     608 |       0 |   0.0 |      16 |       0 |   0.0
        D:5 |     402 |       0 |   0.0 |      19 |       0 |   0.0
        D:6 |     764 |     100 |  11.6 |      21 |       1 |   4.5
        D:7 |     812 |     371 |  31.4 |      25 |       3 |  10.7
        D:8 |    1443 |     121 |   7.7 |      21 |      21 |  50.0
        D:9 |    2763 |     375 |  12.0 |      31 |      10 |  24.4
       D:10 |    3470 |    1029 |  22.9 |      19 |       8 |  29.6
       D:11 |    2097 |       0 |   0.0 |       9 |       0 |   0.0
       D:12 |    3792 |       0 |   0.0 |      10 |       0 |   0.0
       D:13 |    8263 |   13509 |  62.0 |      26 |      42 |  61.8
       D:14 |   17259 |     205 |   1.2 |      43 |       1 |   2.3
     Lair:1 |    3965 |       0 |   0.0 |      12 |       0 |   0.0
     Lair:2 |    5795 |    5527 |  48.8 |      24 |      18 |  42.9
     Lair:3 |    5223 |     842 |  13.9 |      26 |      12 |  31.6
     Lair:4 |    2545 |       0 |   0.0 |      13 |       0 |   0.0
     Lair:5 |   10049 |   10286 |  50.6 |      25 |      55 |  68.8
            +---------+---------+-------+---------+---------+-------
